 Dungeon Crawl Stone Soup version 0.29.1-2-gbd0b4ee654 (webtiles) character file.

Game seed: 252774950081064792

70 cdecastro the Chopper (level 4, -2/35 HPs)
             Began as a Formicid Fighter on Nov 16, 2022.
             Was a Believer of Jiyva.
             Killed from afar by Natasha (7 damage)
             ... with a puff of flame
             ... on level 2 of the Dungeon on Nov 17, 2022.
             The game lasted 00:03:00 (2122 turns).

cdecastro the Chopper (Formicid Fighter)            Turns: 2122, Time: 00:03:01

Health: -2/35      AC:  8    Str: 22    XL:     4   Next: 45%
Magic:  4/4        EV:  9    Int:  8    God:    Jiyva [**....]
Gold:   38         SH:  0    Dex: 13    Spells: 3/3 levels left

rFire   . . .      SeeInvis +   a - +0 war axe
rCold   . . .      Faith    .   (no shield)
rNeg    . . .      Spirit   .   b - +0 scale mail
rPois   .          Reflect  .   (helmet unavailable)
rElec   .          Harm     .   j - +0 cloak
rCorr   +          Rampage  .   (no gloves)
Will    .....                   (no boots)
Stlth   ..........              (no amulet)
HPRegen 1.07/turn               (no ring)
MPRegen 0.39/turn               (no ring)

@: no status effects
A: permanent stasis, dig shafts and tunnels, antennae 3, four strong arms
a: Dig, Shaft Self, Renounce Religion


You were on level 2 of the Dungeon.
You worshipped Jiyva.
Jiyva was pleased with you.
You visited 1 branch of the dungeon, and saw 2 of its levels.

You collected 38 gold pieces.

Inventory:

Hand Weapons
 a - a +0 war axe (weapon)
Missiles
 c - 35 stones
Armour
 b - a +0 scale mail (worn)
 j - a +0 cloak (worn)
Jewellery
 k - the ring "Xapewk" {Ice *Slow rElec rCorr}
   (You found it on level 2 of the Dungeon)

   [ring of ice]

   It enhances your ice magic.
   rF:        It makes you vulnerable to fire.
   rC:        It protects you from cold.
   rElec:     It insulates you from electricity.
   rCorr:     It protects you from acid and corrosion.
   *Slow:     It may slow you when you take damage.
Scrolls
 e - 2 scrolls of teleportation {unknown}
 f - 4 scrolls of identify {unknown}
Potions
 d - a potion of might
 g - a potion of attraction {unknown}
 h - a potion of heal wounds {unknown}
 i - a potion of mutation {unknown}
 l - 2 potions of invisibility {unknown}
 m - a potion of haste {unknown}


   Skills:
 - Level 3.2 Fighting
 + Level 4.3 Axes
 - Level 3.2 Armour
 - Level 4.0 Shields


You had 3 spell levels left.
You didn't know any spells.
Your spell library contained the following spells:

 Spells                   Type           Power      Damage    Failure   Level
 Sandblast                Erth           0%         2d4       75%         1
 Passwall                 Tmut/Erth      0%         N/A       86%         2
 Stone Arrow              Conj/Erth      0%         3d7       98%         3


Dungeon Overview and Level Annotations

Branches:
Dungeon (2/15)

Altars:
Jiyva

Annotations:
D:2 Natasha


Innate Abilities, Weirdness & Mutations

You cannot be hasted, slowed, berserked, paralysed or teleported.
You can dig through walls and to a lower floor.
You have a pair of large antennae on your head. (SInv)
Your four strong arms can wield two-handed weapons with a shield.


Message History

Unknown command.
You barely miss Natasha. Natasha barely misses you.
You closely miss Natasha.
Natasha casts a spell.
You slash Natasha!
Natasha is heavily wounded.
You hit the iron imp but do no damage. Natasha closely misses you.
The iron imp hits you.
You hit Natasha.
Natasha is severely wounded.
You hit the iron imp but do no damage.
Natasha drinks a potion.
Natasha is healed!
The iron imp hits you.
Natasha zaps a wand.
The puff of flame hits you!
You are too injured to fight recklessly!
You hit Natasha but do no damage.
Natasha is lightly wounded.
You slash the iron imp! Natasha barely misses you.
The iron imp hits you but does no damage.
You hit Natasha but do no damage. You hit the iron imp. Natasha claws you.
* * * LOW HITPOINT WARNING * * *
The iron imp hits you.
* * * LOW HITPOINT WARNING * * *
Unknown command.
You hit Natasha.
Natasha is moderately wounded.
You hit the iron imp but do no damage. Natasha completely misses you.
The iron imp hits you!
* * * LOW HITPOINT WARNING * * *
Natasha casts a spell.
Unknown command.
You closely miss Natasha.
Natasha is moderately wounded.
You hit the iron imp but do no damage. Natasha barely misses you.
The iron imp hits you!
* * * LOW HITPOINT WARNING * * *
Unknown command.
You barely miss Natasha.
Natasha is moderately wounded.
You hit the iron imp.
Natasha zaps a wand.
The puff of flame hits you!
You die...

#.# ........## #### #.#
####.#...####### #.# #
#...#.>.....#
##.##.#######...#####.#
#...)..{.# ##.## #.#
##.##.##.# #.# #.##
#.##.##.# ##.######..#
#.#...#.####..........######
#.........h@................
#........5..5######.#.######
#......#.##### #.#.###...
#.#...##.# #.#.##...#
#.###.##.# #.#....... #.#
#.##.# ######.#.##...# #.#
#.##.# ##............##
#.###.##.####.........#####
#..............####.###


You could see an iron imp (summoned), Natasha and a white imp (summoned).

Vanquished Creatures
  Natasha (D:2)
  An adder (D:2)
  A worm (D:2)
  A dart slug (D:1)
  3 bats (D:1)
  2 endoplasms (D:1)
  3 goblins
  2 hobgoblins (D:1)
  2 quokkas (D:2)
  4 ball pythons
  5 frilled lizards
  6 kobolds
  2 rats
33 creatures vanquished.

Vanquished Creatures (others)
  A jelly (D:2)
  Natasha (D:2)
  A giant cockroach (D:2)
  A rat (D:2)
  6 plants (D:1)
  13 withered plants (D:1)
23 creatures vanquished.

Grand Total: 56 creatures vanquished

Notes
Turn   | Place    | Note
-------+----------+-------------------------------------------
     0 | D:1      | cdecastro the Formicid Fighter began the quest for the Orb.
     0 | D:1      | Reached XP level 1. HP: 18/18 MP: 1/1
   240 | D:1      | Reached XP level 2. HP: 6/24 MP: 2/2
   858 | D:1      | Found a faded altar of an unknown god.
  1480 | D:1      | Prayed at the altar of an unknown god.
  1480 | D:1      | Became a worshipper of Jiyva Jiehebo the Shapeless
  1480 | D:1      | Reached * piety under Jiyva
  1564 | D:2      | Reached XP level 3. HP: 27/29 MP: 3/3
  1773 | D:2      | Identified the ring "Xapewk" {Ice *Slow rElec rCorr}
  1795 | D:2      | Noticed Natasha
  1801 | D:2      | Killed Natasha
  1802 | D:2      | Reached XP level 4. HP: 34/35 MP: 4/4
  1899 | D:2      | Reached ** piety under Jiyva
  2104 | D:2      | Killed Natasha
  2111 | D:2      | Noticed Natasha
  2122 | D:2      | Killed from afar by Natasha

Illustrated notes

Levels and vault maps discovered:
D:1:      erik_arrival_triangle_huge, layout_loops_cross,
          shapermc_ecumenical_altar_flowoftime, minivault_25,
          nicolae_hexahallways
D:2:      layout_loops_ring, uniq_natasha

Skill      XL: |  1  2  3 |
---------------+----------+-----
Axes           | 3 4 |  4.3
Fighting       | |  3.2
Armour         | |  3.2
Shields        | |  4.0

Action                   |  1- 3 |  4- 6 || total
-------------------------+-------+-------++-------
Melee: War axe           |    94 |    30 ||   124
Armor: Scale mail        |    45 |     8 ||    53
Dodge: Dodged            |    47 |    17 ||    64
